 Dungeon Crawl Stone Soup version 0.21-a0-426-g98080a9 (webtiles) character file.

10819 theanonym the Spear-Bearer (level 11, -1/93 HPs)
             Began as a Merfolk Gladiator on Nov 5, 2017.
             Was a Follower of Ashenzari.
             Slain by an unseen horror (7 damage)
             ... on level 10 of the Dungeon.
             The game lasted 00:42:57 (14199 turns).

theanonym the Spear-Bearer (Merfolk Gladiator)     Turns: 14199, Time: 00:42:58

Health: -1/93      AC:  8    Str: 20    XL:     11   Next: 68%
Magic:  20/20      EV: 23    Int:  8    God:    Ashenzari [*.....]
Gold:   670        SH:  0    Dex: 18    Spells: 10/10 levels left

rFire    + . .     SeeInvis .   G - +0 spear (chaos)
rCold    . . .     Gourm    .   (no shield)
rNeg     . . .     Faith    .   z - +1 leather armour (curse)
rPois    .         Spirit   .   c - +0 helmet
rElec    .         Reflect  .   e - +2 cloak {+Inv} (curse)
rCorr    .         Harm     .   (no gloves)
MR       .....                  (no boots)
Stlth    +.........             (no amulet)
HPRegen  0.25/turn              i - +5 ring of strength
MPRegen  0.17/turn              u - ring of Okawaru's Generosity {rF+ MP+9}

@: no status effects
A: change form in water, swift swim, stealthy swim
a: Curse Item, Scrying, Renounce Religion, Evoke Invisibility


You were on level 10 of the Dungeon.
You worshipped Ashenzari.
Ashenzari was aware of your devotion.
You were not hungry.

You visited 3 branches of the dungeon, and saw 12 of its levels.
You also visited: Sewer.

You collected 670 gold pieces.

Inventory:

Hand Weapons
 G - a +0 spear of chaos (weapon)
   (You took it off a gnoll on level 9 of the Dungeon)
Armour
 c - a +0 helmet (worn)
 e - a cursed +2 cloak of invisibility (worn)
   (You took it off Crazy Yiuf on level 2 of the Dungeon)
 z - a cursed +1 leather armour (worn)
Jewellery
 i - a +5 ring of strength (left hand)
   (You found it on level 1 of the Dungeon)
 l - an uncursed ring of protection from fire
   (You found it on level 4 of the Dungeon)
 u - the ring of Okawaru's Generosity (right hand) {rF+ MP+9}
   (You found it on level 7 of the Dungeon)

   [ring of magical power]

   It protects you from fire.
   It affects your magic capacity (+9).
 y - an uncursed ring of stealth
   (You found it on level 3 of the Dungeon)
 I - an uncursed amulet of guardian spirit
   (You found it on level 1 of the Lair of Beasts)
Wands
 j - a wand of disintegration (0/24)
   (You took it off a crimson imp on level 5 of the Dungeon)
 q - a wand of disintegration (0/24)
   (You found it on level 8 of the Dungeon)
 F - a wand of flame (24/48)
   (You took it off a big kobold on level 10 of the Dungeon)
Scrolls
 a - a scroll of vulnerability {unknown}
 k - a scroll of recharging
 o - 3 scrolls of enchant armour
 r - a scroll of identify
 s - a scroll of immolation {unknown}
 t - 2 scrolls of teleportation {!r}
 C - 2 scrolls of enchant weapon {unknown}
 J - a scroll of fog {unknown}
 K - a scroll of holy word {unknown}
Potions
 d - a potion of agility {unknown}
 g - a potion of haste {unknown}
 m - 2 potions of brilliance
 n - 5 potions of curing
 v - 2 potions of flight {unknown}
 w - 3 potions of heal wounds
 x - a potion of resistance
 B - a potion of might {unknown}
 H - a potion of ambrosia {unknown}
Books
 E - a book of Callings
   (You found it on level 9 of the Dungeon)

   Spells                             Type                      Level
   a - Summon Small Mammal            Summoning                    1
   b - Call Imp                       Summoning                    2
   c - Call Canine Familiar           Summoning                    3
   d - Summon Guardian Golem          Hexes/Summoning              3
   e - Summon Lightning Spire         Summoning/Air                4
   f - Summon Ice Beast               Ice/Summoning                4
Comestibles
 b - 31 fruits
 f - a bread ration
 h - 7 royal jellies
 p - 3 meat rations


   Skills:
 + Level 11.4 Fighting
 - Level 14.0 Polearms
 - Level 4.5 Throwing
 + Level 13.6 Dodging


You had 10 spell levels left.
You didn't know any spells.

Dungeon Overview and Level Annotations

Branches:
Dungeon (10/15)            Temple (1/1) D:6            Lair (1/6) D:10
    Orc: D:9-12

Altars:
Ashenzari
Cheibriados
Dithmenos
Elyvilon
Fedhas
Gozag
Hepliaklqana
Kikubaaqudgha
Makhleb
Nemelex Xobeh
Okawaru
Qazlal
Ru
Sif Muna
Trog
Uskayaw
Vehumet
Wu Jian
Xom
Yredelemnul
Zin
The Shining One

Annotations:
D:4 2 transporters
D:8 exclusion: two-headed ogre
D:9 2 exclusions


Message History

No target in view!
No target in view!
No target in view!
Things that are here:
a rat corpse; a river rat corpse The hell rat roars deafeningly!
You hear a loud, deep croak!
The hell rat is too close now for your liking.
A komodo dragon and a hell rat come into view.
You puncture the hell rat!
The hell rat convulses!
You kill the hell rat!
You hit the komodo dragon. You freeze the komodo dragon.
An eight-headed hydra comes into view.
The eight-headed hydra roars!
You hit the komodo dragon but do no damage.
The komodo dragon bites you.
You take 4 damage, and have 85/93 hp.
You puncture the komodo dragon! You drain the komodo dragon!
You hit the komodo dragon but do no damage.
The komodo dragon bites you!!
You take 22 damage, and have 63/93 hp.
MASSIVE DAMAGE!!
You are too injured to fight recklessly!
You closely miss the komodo dragon.
You hit the komodo dragon but do no damage.
The komodo dragon barely misses you.
Aim: a komodo dragon (heavily wounded, lightly drained, chance to defeat MR: 51%)
The komodo dragon resists with significant effort.
This wand has 5 charges left.
The komodo dragon completely misses you.
Aim: a komodo dragon (heavily wounded, lightly drained, chance to defeat MR: 51%)
The komodo dragon is blasted.
This wand has 4 charges left.
The komodo dragon bites you.
You take 1 damage, and have 64/93 hp.
Aim: a komodo dragon (almost dead, lightly drained, chance to defeat MR: 51%)
The komodo dragon resists with significant effort.
This wand has 3 charges left.
The komodo dragon barely misses you.
Aim: a komodo dragon (almost dead, lightly drained, chance to defeat MR: 51%)
The komodo dragon is blasted.
You blow up the komodo dragon!
This wand has 2 charges left.
Aim: an eight-headed hydra (chance to defeat MR: 30%)
The eight-headed hydra easily resists.
This wand has 1 charge left.
The eight-headed hydra barely misses you.
The eight-headed hydra bites you!
The eight-headed hydra closely misses you.
The eight-headed hydra bites you. x2
The eight-headed hydra closely misses you.
The eight-headed hydra barely misses you.
The eight-headed hydra closely misses you.
You take 17 damage, and have 47/93 hp.
Aim: an eight-headed hydra (chance to defeat MR: 30%)
The eight-headed hydra easily resists.
This wand has 0 charges left.
The eight-headed hydra bites you!
* * * LOW HITPOINT WARNING * * *
The eight-headed hydra completely misses you.
The eight-headed hydra misses you. The eight-headed hydra bites you!
* * * LOW HITPOINT WARNING * * *
The eight-headed hydra bites you!
* * * LOW HITPOINT WARNING * * *
The eight-headed hydra bites you!
* * * LOW HITPOINT WARNING * * *
The eight-headed hydra completely misses you.
The eight-headed hydra misses you.
You take 39 damage, and have 8/93 hp.
MASSIVE DAMAGE!!
Okay, then.
You feel much better.
The eight-headed hydra bites you but does no damage.
The eight-headed hydra completely misses you. x2
The eight-headed hydra closely misses you.
The eight-headed hydra completely misses you.
The eight-headed hydra misses you.
The eight-headed hydra closely misses you.
The eight-headed hydra bites you.
* * * LOW HITPOINT WARNING * * *
You regained 15 hp, and now have 23/93 hp.
Things that are here:
a river rat corpse; a rat corpse
There is an open door, spattered with blood here.
Okay, then.
There is a staircase back to the Dungeon here.
You see here a scroll of noise.
The eight-headed hydra closely misses you.
The eight-headed hydra misses you. The eight-headed hydra bites you.
* * * LOW HITPOINT WARNING * * *
The eight-headed hydra misses you. x4; The eight-headed hydra bites you!
* * * LOW HITPOINT WARNING * * *
You take 15 damage, and have 19/93 hp.
There is a staircase back to the Dungeon here.
The eight-headed hydra bites you but does no damage.
The eight-headed hydra bites you!
* * * LOW HITPOINT WARNING * * *
The eight-headed hydra closely misses you.
The eight-headed hydra completely misses you.
The eight-headed hydra bites you!
* * * LOW HITPOINT WARNING * * *
The eight-headed hydra barely misses you.
The eight-headed hydra bites you but does no damage.
The eight-headed hydra bites you!
* * * LOW HITPOINT WARNING * * *
You climb upwards.
Welcome back to the Dungeon!
Something hits you!
You die...

.#(##### #.##......#
#.#...## .#.....#
#.###..##.# #.#...##
.#####.#
##...########....... .# #.#
##.....##............ .#
#.# #.......##.###.......
.# #.# ##.......##.#
###...## .# #.#
#.........#.# #...#
.#####.#####..{{.....#.#
#####
................@D.....#
######.##..............#
#.##.....P......#.#########
#.##...#.......##.........#
#.###.##.......##########.#
#.# #.###.....## #.#
###.###.####...## #.##
#......))...#.## #.#.
####.#.###.###...# #.#.


You could see an eight-headed hydra.

Vanquished Creatures
  2 two-headed ogres (D:10)
  Pikel (D:7)
  A gargoyle (D:10)
  A rime drake (Lair:1)
  2 komodo dragons (Lair:1)
  3 trolls
  7 blink frogs (Lair:1)
  3 hippogriffs
  The ghost of ohad the Changer, an amateur OpTm (D:3)
  2 wargs (D:10)
  Duvessa (D:4)
  3 orc warriors
  4 slaves (D:8)
  2 ice beasts (D:10)
  A necrophage (D:10)
  2 phantoms
  2 sky beasts
  A centaur (D:6)
  5 ogres
  6 wolves (Lair:1)
  2 crocodiles (Lair:1)
  8 big kobolds
  5 bullfrogs
  Dowan (D:4)
  A wyvern skeleton (D:10)
  2 scorpions
  6 killer bees
  4 wights (D:9)
  A howler monkey (D:4)
  5 crimson imps
  7 orc wizards
  A gnoll shaman (D:7)
  2 hounds
  Crazy Yiuf (D:2)
  2 centaur skeletons
  4 orc priests
  3 bullfrog skeletons
  Jessica (D:4)
  Natasha (thrice) (D:2)
  An iguana (D:8)
  9 worker ants
  2 hell rats (Lair:1)
  A hound zombie (D:6)
  Robin (D:2)
  8 gnolls
  7 river rats
  10 adders
  A shadow imp (D:5)
  5 oozes
  2 adder skeletons
  5 worms
  6 leopard geckos
  27 orcs
  6 bats
  3 giant cockroaches
  20 goblins
  9 hobgoblins
  7 jackals
  4 quokkas
  6 ball pythons
  14 frilled lizards
  20 kobolds
  A leopard gecko skeleton (D:8)
  A quokka skeleton (D:6)
  22 rats
  A fungus (D:6)
308 creatures vanquished.

Vanquished Creatures (others)
  2 fungi (Lair:1)
2 creatures vanquished.

Grand Total: 310 creatures vanquished

Notes
Turn   | Place    | Note
-------+----------+-------------------------------------------
     0 | D:1      | theanonym the Merfolk Gladiator began the quest for the Orb.
     0 | D:1      | Reached XP level 1. HP: 16/16 MP: 1/1
   173 | D:1      | Reached XP level 2. HP: 23/23 MP: 2/2
   414 | D:1      | Reached skill level 5 in Polearms
   950 | D:2      | Reached XP level 3. HP: 16/28 MP: 3/3
   965 | D:2      | HP: 5/28 [frilled lizard (2)]
  1297 | D:2      | Noticed Robin
  1615 | D:2      | Reached XP level 4. HP: 30/34 MP: 4/4
  1625 | D:2      | Killed Robin
  1862 | D:2      | Noticed Natasha
  1863 | D:2      | Killed Natasha
  1863 | D:2      | Reached skill level 3 in Fighting
  1863 | D:2      | Reached skill level 6 in Polearms
  2094 | D:2      | Reached XP level 5. HP: 41/41 MP: 5/5
  2232 | D:2      | Noticed Natasha
  2249 | D:2      | Killed Natasha
  2268 | D:2      | Reached skill level 5 in Dodging
  2298 | D:2      | Found a runed door.
  2332 | D:2      | Noticed Natasha
  2342 | D:2      | Killed Natasha
  2342 | D:2      | Reached skill level 3 in Throwing
  2573 | D:2      | Noticed Crazy Yiuf
  2648 | D:2      | Killed Crazy Yiuf
  2773 | D:3      | Reached XP level 6. HP: 43/47 MP: 6/6
  2807 | D:3      | Reached skill level 7 in Polearms
  3142 | D:3      | Noticed ohad's ghost (amateur OpTm)
  3151 | D:3      | Killed ohad's ghost
  3151 | D:3      | Reached skill level 4 in Fighting
  3190 | D:3      | HP: 9/48 [poisoned by ohad's ghost]
  3514 | D:4      | Found a glowing drain.
  3534 | Sewer    | Entered a sewer
  3568 | Sewer    | Reached XP level 7. HP: 54/54 MP: 7/7
  3582 | Sewer    | Reached skill level 8 in Polearms
  3582 | Sewer    | Reached skill level 6 in Dodging
  3763 | Sewer    | Reached skill level 4 in Throwing
  3905 | Sewer    | Reached skill level 9 in Polearms
  3905 | Sewer    | Reached XP level 8. HP: 61/61 MP: 8/8
  4295 | D:4      | Found a transporter.
  4299 | D:4      | Found a transporter.
  4310 | D:4      | Found a basalt altar of Yredelemnul.
  4506 | D:4      | Reached skill level 5 in Fighting
  4541 | D:4      | Noticed Jessica
  4555 | D:4      | Killed Jessica
  4556 | D:4      | Found a sparkling altar of Nemelex Xobeh.
  4577 | D:4      | Got a faintly glowing ring mail
  4994 | D:4      | Reached skill level 7 in Dodging
  5340 | D:5      | Entered Level 5 of the Dungeon
  5341 | D:5      | Noticed Duvessa
  5344 | D:5      | Noticed Dowan
  5584 | D:4      | Killed Duvessa
  5584 | D:4      | Reached skill level 10 in Polearms
  5606 | D:4      | Killed Dowan
  5638 | D:4      | Identified the +1 ring mail of Listlessness {*Corrode rElec rF++ Dex-4} (You found it on level 4 of the Dungeon)
  6120 | D:5      | Found a stormy altar of Qazlal.
  6164 | D:5      | Found a hide-covered altar of Uskayaw.
  6337 | D:5      | Found a deep blue altar of Sif Muna.
  6337 | D:5      | Found a shadowy altar of Dithmenos.
  6387 | D:5      | HP: 11/64 [worker ant (2)]
  6389 | D:5      | Reached skill level 11 in Polearms
  6657 | D:6      | Reached skill level 6 in Fighting
  6657 | D:6      | Reached XP level 9. HP: 69/69 MP: 9/9
  6784 | D:6      | Reached skill level 8 in Dodging
  7138 | D:6      | Found a staircase to the Ecumenical Temple.
  7362 | Temple   | Entered the Ecumenical Temple
  7568 | Temple   | theanonym: !lg urune=15 race=merfolk s=god
  7568 | Temple   | beem: No games for theanonym (urune=15 race=merfolk).
  7568 | Temple   | theanonym: !lg * urune=15 race=merfolk s=god
  7568 | Temple   | beem: 518 games for * (urune=15 race=merfolk): 202x The Shining One, 49x Zin, 47x Cheibriados, 43x Ashenzari, 24x Makhleb, 16x Kikubaaqudgha, 15x Lugonu, 14x Okawaru, 13x Sif Muna, 13x Jiyva, 11x Hepliaklqana, 8x Vehumet, 8x Gozag, 8x Dithmenos, 8x Ru, 7x Trog, 7x Fedhas, 6x Xom, 6x Qazlal, 4x, 3x Yredelemnul, 2x Uskayaw, 2x Nemelex Xobeh, 2x Elyvilon
  7568 | Temple   | theanonym: !lg * win race=merfolk s=god
  7568 | Temple   | beem: 2364 games for * (win race=merfolk): 407x Okawaru, 290x The Shining One, 216x Trog, 172x Ashenzari, 131x Fedhas, 128x Cheibriados, 125x Makhleb, 106x Yredelemnul, 85x Lugonu, 85x Zin, 62x Sif Muna, 57x Xom, 56x Kikubaaqudgha, 54x Jiyva, 53x Hepliaklqana, 50x Qazlal, 49x Ru, 47x Gozag, 44x Vehumet, 41x Nemelex Xobeh, 36x Dithmenos, 21x Elyvilon, 15x Uskayaw, 13x, 11x Wu Jian, 6x Pakellas, 3x Wudz...
  7625 | Temple   | Became a worshipper of Ashenzari the Shackled
  7733 | D:7      | Identified the ring of Okawaru's Generosity {rF+ MP+9}
  7801 | D:7      | Reached skill level 12 in Polearms
  7887 | D:7      | Found a white marble altar of Elyvilon.
  8717 | D:8      | Found a snail-covered altar of Cheibriados.
  8717 | D:8      | Noticed a two-headed ogre
  8787 | D:8      | Noticed Pikel
  9022 | D:7      | Killed Pikel
  9022 | D:7      | Reached skill level 7 in Fighting
  9022 | D:7      | Reached skill level 13 in Polearms
  9022 | D:7      | Reached skill level 9 in Dodging
  9310 | D:8      | Reached XP level 10. HP: 50/79 MP: 10/10
  9523 | D:8      | Found a glowing golden altar of the Shining One.
  9586 | D:8      | Found an iron altar of Okawaru.
  9587 | D:8      | Identified the +8 falchion of the Sugar Beet {flame, +Rage rF- MP+9 SInv}
  9687 | D:9      | Reached * piety under Ashenzari
  9734 | D:9      | Noticed a cyclops
 10243 | D:9      | Reached skill level 8 in Fighting
 10243 | D:9      | Reached skill level 14 in Polearms
 10258 | D:9      | Reached skill level 10 in Dodging
 10292 | D:9      | Found a shimmering altar of Xom.
 10442 | D:10     | Entered Level 10 of the Dungeon
 10786 | D:10     | Noticed a two-headed ogre
 11419 | D:10     | Reached skill level 9 in Fighting
 11436 | D:10     | Reached skill level 11 in Dodging
 11508 | D:10     | Noticed a gargoyle
 11535 | D:10     | Killed a gargoyle
 11907 | D:10     | Reached XP level 11. HP: 89/90 MP: 11/11
 11935 | D:10     | Killed a two-headed ogre
 11935 | D:10     | Reached skill level 10 in Fighting
 11935 | D:10     | Reached skill level 12 in Dodging
 11975 | D:10     | Noticed a two-headed ogre
 12034 | D:10     | Killed a two-headed ogre
 12197 | D:10     | Found a staircase to the Lair.
 12936 | Lair:1   | Entered Level 1 of the Lair of Beasts
 13396 | Lair:1   | Reached skill level 13 in Dodging
 13415 | Lair:1   | Reached skill level 11 in Fighting
 14090 | Lair:1   | Noticed an eight-headed hydra
 14103 | Lair:1   | HP: 18/93 [eight-headed hydra (9)]
 14103 | Lair:1   | HP: 8/93 [eight-headed hydra (10)]
 14198 | Lair:1   | HP: 13/93 [eight-headed hydra (7)]
 14198 | Lair:1   | HP: 6/93 [eight-headed hydra (7)]
 14199 | D:10     | Slain by an unseen horror

Vault maps used:
D:1:      nagdon_arrival_zigzag_paths
D:2:      serial_bayou_ford_a, hex_medium, minmay_misc_feat_alley,
          minmay_lizard_pond, uniq_natasha, uniq_robin, uniq_crazy_yiuf_cottage
D:3:      first_bread, grunt_decor_arrowhead
D:4:      gammafunk_temple_overflow_arena, portal_sewer_entry_a,
          nemelex_lonely_heart_becter
D:5:      old_standard_altar, gammafunk_temple_overflow_statue, kennysheep_mini,
          uniq_duvessa
D:6:      minmay_temple_entry_trees, minmay_gold_behind_fungi, nrook_uturn
D:7:      elyvilon_altar_3
D:8:      tso_altar, cheibriados_altar_1, okawaru_ov_weapons_minmay, uniq_pikel
D:9:      tgw_xom, serial_glass, glass_columns_a, glass_columns_b,
          glass_columns_b, feat_on_display, item_on_display_a,
          minmay_strange_pillars, due_unseen_surprise
D:10:     erik_lair_orcish_takeover, enter_bailey_3, blue_anna_alchemist,
          kennysheep_just_a_vault
Temple:   hc_temple_tempest_star
Lair:1:   kennysheep_abandoned_house
Sewer:    sewer_co_tree

Skill      XL: |  1  2  3  4  5  6  7  8  9 10 11 |
---------------+----------------------------------+-----
Polearms       | 5 6 7 9 11 13 14 | 14.0
Fighting       | 3 4 6 7 9 11 | 11.4
Dodging        | 5 6 7 9 11 13 | 13.6
Throwing       | 3 4 |  4.5

Action                   |  1- 3 |  4- 6 |  7- 9 | 10-12 || total
-------------------------+-------+-------+-------+-------++-------
Melee: Trident           |   128 |   178 |   550 |   167 ||  1023
       Tailslap          |     2 |     1 |    25 |     9 ||    37
       Spear             |       |       |       |   486 ||   486
 Fire: Blowgun           |       |     2 |    20 |       ||    22
Throw: Throwing net      |     1 |     1 |     2 |       ||     4
       Tomahawk          |       |       |     6 |     2 ||     8
Invok: Curse Item        |       |       |     1 |     2 ||     3
Evoke: Wand              |       |       |       |    24 ||    24
  Use: Scroll            |       |     9 |     2 |     8 ||    19
       Potion            |       |     2 |     1 |     3 ||     6
 Stab: Held in net/web   |     1 |     1 |     1 |       ||     3
       Sleeping          |       |     5 |    14 |     2 ||    21
       Confused          |       |       |       |     3 ||     3
       Paralysed         |       |       |       |     5 ||     5
       Petrified         |       |       |       |     5 ||     5
  Eat: Chunk             |     2 |     7 |    13 |     1 ||    23
       Bread ration      |       |       |     1 |     4 ||     5
Armor: Leather armour    |    55 |    32 |    69 |    73 ||   229
Dodge: Dodged            |   173 |    89 |   250 |   420 ||   932

Table legend:
 A = Spawn XP
 B = Non-spawn XP
 C = Spawn XP percentage of total XP
 D = Spawn monster count
 E = Non-spawn monster count
 F = Spawn count percentage of total count
 G = Total turns spent on level
                    A         B        C        D         E        F      G
               +---------+---------+-------+---------+---------+-------+---------
         Total |       0 |   15457 |   0.0 |       0 |     303 |   0.0 | 14199
               +---------+---------+-------+---------+---------+-------+---------
           D:1 |       0 |      34 |   0.0 |       0 |      22 |   0.0 |   968
           D:2 |       0 |     259 |   0.0 |       0 |      41 |   0.0 |  1697
           D:3 |       0 |     305 |   0.0 |       0 |      27 |   0.0 |   965
           D:4 |       0 |     607 |   0.0 |       0 |      26 |   0.0 |  1390
           D:5 |       0 |     462 |   0.0 |       0 |      12 |   0.0 |  1015
           D:6 |       0 |     525 |   0.0 |       0 |      14 |   0.0 |   726
           D:7 |       0 |    1668 |   0.0 |       0 |      27 |   0.0 |  1267
           D:8 |       0 |     914 |   0.0 |       0 |      10 |   0.0 |   930
           D:9 |       0 |    1290 |   0.0 |       0 |      25 |   0.0 |  1514
          D:10 |       0 |    4686 |   0.0 |       0 |      39 |   0.0 |  1566
        Lair:1 |       0 |    4029 |   0.0 |       0 |      32 |   0.0 |  1263
         Sewer |       0 |     678 |   0.0 |       0 |      28 |   0.0 |   606
               +---------+---------+-------+---------+---------+-------+---------
